AoeStats
← 帝国的铁汉

Arena

508411436Analyzed
3v3 RM · 10d ago on Sep 22, 2026· 60m 10s· 6 players
Game mode
Random Map
Map size
Normal (6 player)
Population
200
Speed
Normal
Resources
Standard
Victory
Conquest
Starting age
Dark Age
Ending age
Imperial Age
RankedLock teamsTeams togetherTeam positionsShared explorationLock speedFull tech treeHidden civsTurbo modeCheats
Victory
Defeat
🇨🇳 Tupi · China
1362
+10
🇨🇳 Koreans · China
1347
+11
🇨🇳 Persians · China
1060
+23
🇨🇳 Lithuanians · China
1264
-16
🇦🇺 Italians · Australia
1251
-16
🇦🇷 Goths · Argentina
1163
-12
ICAC
1:16 Loom
10:41 Feudal Age
15:39 Castle Age
14:59 Double-Bit Axe
20:12 Bow Saw
19:55 Horse Collar
24:42 Scale Mail Armor
27:41 Chain Mail Armor
27:38 Forging
29:26 Coinage
32:25 Imperial Age
30:08 Squires
31:37 Iron Casting
31:07 Anarchy
31:27 Heavy Plow
32:07 Wheelbarrow
31:50 Gold Mining
32:37 Loom
32:23 Pikeman
33:28 Conscription
33:09 Perfusion
34:32 Blast Furnace
34:45 Elite Huskarl
39:36 Halberdier
42:11 Banking
43:18 Two-Man Saw
52:30 Man-at-Arms
52:45 Long Swordsman
53:12 Two-Handed Swordsman
54:05 Champion
57:48 Hand Cart
勇敢牛牛
11:43 Feudal Age
12:53 Double-Bit Axe
12:51 Horse Collar
15:44 Castle Age
17:47 Bow Saw
17:40 Heavy Plow
20:46 Wheelbarrow
21:54 Hand Cart
26:20 Town Watch
26:21 Loom
29:53 Imperial Age
28:28 Ballistics
28:28 Padded Archer Armor
28:39 Forging
28:35 Scale Barding Armor
29:44 Leather Archer Armor
30:46 Iron Casting
30:42 Husbandry
30:53 Bloodlines
31:59 Chemistry
31:31 Ring Archer Armor
31:22 Chain Barding Armor
32:34 Treadmill Crane
33:04 Masonry
34:19 Conscription
34:04 Fletching
33:48 Elite Leitis
35:36 Hoardings
40:20 Bodkin Arrow
41:16 Plate Barding Armor
40:56 Elite Skirmisher
42:05 Bracer
44:11 Murder Holes
45:14 Architecture
44:35 Heated Shot
46:47 Two-Man Saw
46:25 Tower Shields
46:38 Scale Mail Armor
47:23 Crop Rotation
46:31 Pikeman
47:12 Squires
46:58 Arson
47:03 Halberdier
48:00 Chain Mail Armor
49:35 Hill Forts
aurangzaib.zahoor
10:57 Feudal Age
14:57 Castle Age
13:06 Double-Bit Axe
13:13 Horse Collar
15:46 Wheelbarrow
16:54 Bow Saw
18:12 Loom
22:59 Fletching
24:04 Ballistics
27:00 Bodkin Arrow
29:32 Thumb Ring
31:23 Hand Cart
36:03 Imperial Age
33:16 Elite Skirmisher
35:28 Padded Archer Armor
36:56 Leather Archer Armor
39:56 Bracer
42:14 Heavy Plow
44:33 Ring Archer Armor
44:13 Gold Mining
46:12 Chemistry
45:53 Conscription
46:49 Masonry
47:23 Murder Holes
50:00 Crop Rotation
51:22 Two-Man Saw
50:53 Fortified Wall
53:23 Architecture
55:07 Scale Barding Armor
55:13 Forging
56:01 Bloodlines
56:15 Light Cavalry
56:55 Husbandry
57:33 Iron Casting
57:56 Town Watch
58:53 Coinage
59:43 Blast Furnace
61:13 Hoardings
帝国的铁汉
10:47 Feudal Age
14:24 Castle Age
12:33 Double-Bit Axe
13:23 Stone Mining
13:37 Town Watch
13:41 Loom
13:44 Town Watch
19:21 Fletching
22:08 Padded Archer Armor
22:34 Bodkin Arrow
24:52 Ballistics
26:49 Wheelbarrow
31:17 Imperial Age
29:51 Champi Runner
30:31 Squires
30:17 Arson
31:32 Leather Archer Armor
32:22 Conscription
32:19 Bracer
35:37 Chemistry
39:07 Caciques
39:10 Champi Warrior
39:48 Horse Collar
40:37 Scale Mail Armor
41:54 Hand Cart
42:32 Chain Mail Armor
42:00 Elite Champi Warrior
43:11 Bow Saw
42:52 Gold Mining
43:58 Plate Mail Armor
43:54 Heavy Plow
44:25 Forging
46:05 Iron Casting
47:46 Capped Ram
48:39 Siege Ram
50:08 Heavy Scorpion
51:45 Treadmill Crane
51:31 Elite Blackwood Archer
54:32 Curare
55:30 Gold Shaft Mining
55:57 Two-Man Saw
56:04 Caravan
直视我 崽种
10:45 Feudal Age
16:05 Castle Age
14:07 Double-Bit Axe
22:52 Horse Collar
25:56 Wheelbarrow
25:16 Gold Mining
25:17 Stone Mining
27:38 Gold Shaft Mining
27:16 Bow Saw
27:10 Heavy Plow
27:41 Hand Cart
28:42 Stone Shaft Mining
29:48 Town Watch
31:46 Loom
32:22 Forging
32:17 Scale Barding Armor
35:13 Imperial Age
33:50 Iron Casting
33:24 Husbandry
33:55 Bloodlines
34:28 Chain Barding Armor
34:52 Cavalier
36:36 Blast Furnace
37:29 Plate Barding Armor
36:40 Savar
41:28 Coinage
50:26 Light Cavalry
57:41 Hussar
60:58 Conscription
打我啊笨
10:15 Feudal Age
14:04 Castle Age
12:27 Double-Bit Axe
15:23 Bow Saw
17:12 Horse Collar
20:36 Wheelbarrow
22:23 Gold Mining
22:24 Stone Mining
24:51 Gold Shaft Mining
25:49 Loom
26:20 Hand Cart
29:37 Imperial Age
27:32 Fletching
27:49 Scale Barding Armor
27:54 Forging
28:24 Ballistics
27:48 Treadmill Crane
28:31 Ballistics
29:06 Hand Cart
28:37 Town Watch
29:15 Husbandry
30:29 Bodkin Arrow
30:55 Chain Barding Armor
31:10 Iron Casting
30:28 Pikeman
31:08 Squires
31:10 Scale Mail Armor
32:17 Chemistry
31:29 Masonry
32:06 Conscription
32:56 Halberdier
34:28 Architecture
34:21 Chain Mail Armor
38:26 Elite War Wagon
39:27 Bracer
46:02 Arson
47:23 Gambesons
48:00 Caravan
50:20 Siege Engineers
Connection lost

Rejoining the realm…

Still unreachable

The connection could not be restored.

Session expired

The server has moved on; the page needs a fresh start.